 Dungeon Crawl Stone Soup version 0.23.2-40-g277498a001 (webtiles) character file.

Game seed: 16402993625329642451

476 Curus the Insei (level 7, -5/48 HPs)
             Began as a Merfolk Transmuter on Sept 23, 2019.
             Was a Follower of Okawaru.
             Slain by a black bear (10 damage)
             ... on level 4 of the Dungeon.
             The game lasted 00:18:44 (3512 turns).

Curus the Insei (Merfolk Transmuter)                Turns: 3512, Time: 00:18:45

Health: -5/48      AC:  2    Str: 11    XL:     7   Next: 10%
Magic:  7/10       EV: 21    Int: 14    God:    Okawaru [*.....]
Gold:   151        SH:  0    Dex: 19    Spells: 6/10 levels left

rFire    . . .     SeeInvis .     - Unarmed
rCold    . . .     Gourm    .   (shield currently unavailable)
rNeg     . . .     Faith    .   (armour currently unavailable)
rPois    x         Spirit   .   (helmet currently unavailable)
rElec    .         Reflect  .   (cloak currently unavailable)
rCorr    +         Harm     .   (gloves currently unavailable)
MR       .....                  (boots currently unavailable)
Stlth    ++........             f - amulet of regeneration
HPRegen  0.56/turn              g - ring of resist corrosion
MPRegen  0.12/turn              (no ring)

@: spider-form
A: tiny, (change form in water), (swift swim), (stealthy swim)
a: End Transformation, Heroism, Renounce Religion


You were on level 4 of the Dungeon.
You worshipped Okawaru.
Okawaru was aware of your devotion.
You were not hungry.
You were a venomous arachnid creature.
You visited 1 branch of the dungeon, and saw 4 of its levels.

You collected 151 gold pieces.

Inventory:

Missiles
 a - 33 arrows
Armour
 b - a +0 robe
 e - a +0 cloak (melded)
 k - a +1 robe of the Archmagi (melded)
Jewellery
 f - an amulet of regeneration (around neck)
 g - a ring of resist corrosion (left front leg)
Wands
 l - a wand of polymorph (8)
Scrolls
 c - a scroll of teleportation
 h - 2 scrolls of amnesia
 i - 2 scrolls of remove curse
 j - 2 scrolls of identify
Comestibles
 d - 5 rations
 m - a chunk of flesh


   Skills:
 - Level 1.1 Fighting
 - Level 2.6 Dodging
 + Level 6.7 Unarmed Combat
 - Level 2.0 Spellcasting
 - Level 5.2 Transmutations
 - Level 3.4 Poison Magic


You had 6 spell levels left.
You knew the following spells:

 Your Spells              Type           Power        Failure   Level  Hunger
a - Beastly Appendage     Tmut           ###...       10%         1    ##.....
b - Spider Form           Tmut/Pois      ##........   28%         3    ####...

Your spell library contained the following spells:

 Spells                   Type           Power        Failure   Level  Hunger
 Sticks to Snakes         Tmut           ###.....     13%         2    ###....
 Blade Hands              Tmut           ###.......   80%         5    ######.
 Ice Form                 Ice/Tmut       #.......     82%         4    #####..


Dungeon Overview and Level Annotations

Branches:
Dungeon (4/15)
 Temple: D:4-7

Altars:
Okawaru
Sif Muna
Yredelemnul
Zin


Innate Abilities, Weirdness & Mutations

((You revert to your normal form in water))
((You are very nimble and swift while swimming.))
((You are very stealthy in the water. (Stealth+)))
((Your flesh is heat resistant. (rF+)))


Message History

The black bear is almost dead.
The black bear goes berserk!
You hit the black bear.
The black bear is almost dead.
The black bear bites you! The black bear barely misses you.
The black bear claws you!
You barely miss the black bear.
The black bear is almost dead.
The black bear bites you! The black bear claws you.
* * * LOW HITPOINT WARNING * * *
The black bear claws you.
* * * LOW HITPOINT WARNING * * *
Casting: Spider Form (safe; 12% risk of failure)
Confirm with . or Enter, or press ? or * to list all spells.
You feel a surge of power!
You turn into a venomous arachnid creature.
Your +0 cloak melds into your body.
Your +1 robe of the Archmagi melds into your body.
You feel strangely numb. The black bear bites you!
You die...

#.# #.# #.# #.#
##.# ###*
###.##
##.%#######..##
#.....##....##
#...s.....###
##.h.######
#####


You could see a black bear (berserk).

Vanquished Creatures
  Blork the orc (D:4)
  An orc priest (D:4)
  A hound (D:2)
  2 orc wizards (D:4)
  Ijyb (D:4)
  A worker ant (D:4)
  A hound skeleton (D:4)
  3 gnolls (D:3)
  10 adders
  3 oozes
  An adder skeleton (D:4)
  2 worms
  3 leopard geckos
  10 orcs
  A ball python (D:1)
  4 bats
  5 giant cockroaches
  2 gnoll zombies (D:2)
  8 goblins
  5 hobgoblins
  10 jackals
  3 quokkas
  2 frilled lizards
  5 kobolds
  4 rats
89 creatures vanquished.

Notes
Turn   | Place    | Note
-------+----------+-------------------------------------------
     0 | D:1      | Curus the Merfolk Transmuter began the quest for the Orb.
     0 | D:1      | Reached XP level 1. HP: 15/15 MP: 3/3
   359 | D:1      | Reached XP level 2. HP: 16/21 MP: 3/5
   542 | D:1      | Reached skill level 4 in Unarmed Combat
   696 | D:1      | Gained mutation: You are robust. (+10% HP) [potion of
                  | mutation]
   696 | D:1      | Lost mutation: You are robust. (+10% HP) [potion of
                  | mutation]
   696 | D:1      | Gained mutation: Your flesh is heat resistant. (rF+)
                  | [potion of mutation]
  1217 | D:2      | Reached XP level 3. HP: 11/26 MP: 6/6
  1226 | D:2      | Learned a level 3 spell: Spider Form
  1472 | D:2      | Reached skill level 1 in Poison Magic
  1475 | D:2      | Reached XP level 4. HP: 28/32 MP: 3/7
  1555 | D:2      | Found a deep blue altar of Sif Muna.
  1709 | D:2      | Found an iron altar of Okawaru.
  1720 | D:2      | Became a worshipper of Warmaster Okawaru
  1826 | D:2      | Found a basalt altar of Yredelemnul.
  2356 | D:3      | Reached XP level 5. HP: 35/37 MP: 6/8
  2380 | D:3      | You fall through a shaft!
  2464 | D:4      | Noticed Blork the orc
  2486 | D:4      | Killed Blork the orc
  2486 | D:4      | Reached skill level 5 in Transmutations
  2555 | D:4      | Reached XP level 6. HP: 41/43 MP: 9/9
  2587 | D:4      | Reached skill level 5 in Unarmed Combat
  2620 | D:4      | Found a glowing silver altar of Zin.
  3387 | D:4      | Noticed Ijyb
  3395 | D:4      | Killed Ijyb
  3395 | D:4      | Reached * piety under Okawaru
  3395 | D:4      | Reached skill level 6 in Unarmed Combat
  3453 | D:4      | Reached XP level 7. HP: 48/48 MP: 6/10
  3512 | D:4      | Slain by a black bear

Skill      XL: |  1  2  3  4  5  6 |
---------------+-------------------+-----
Unarmed Combat | 4 6 |  6.7
Transmutations | 3 4 5 |  5.2
Poison Magic   | 1 2 3 |  3.4
Fighting       | |  1.1
Dodging        | |  2.6
Spellcasting   | |  2.0

Action                   |  1- 3 |  4- 6 |  7- 9 || total
-------------------------+-------+-------+-------++-------
Melee: Unarmed           |    86 |   280 |    17 ||   383
       Headbutt          |     8 |    20 |       ||    28
       Punch             |     1 |     3 |       ||     4
 Cast: Beastly Appendage |     5 |    15 |       ||    20
       Spider Form       |     1 |     5 |     1 ||     7
  Use: Scroll            |     2 |     4 |       ||     6
       Potion            |     1 |     2 |       ||     3
 Stab: Sleeping          |     1 |     1 |     1 ||     3
  Eat: Chunk             |     2 |     8 |       ||    10
Armor: Robe              |     8 |    42 |     3 ||    53
Dodge: Dodged            |    39 |   152 |    19 ||   210
